cohdb
Replays
Latest Replays
All Replays
Popular Replays
Top Player Replays
Match Explorer
How It Works
Community
CoH3 Stats
Reddit
Sign in to upload your games and track your stats! →
Sign in with Steam
Match 42239095
Unlisted
Match 42239095
Overview
Messages
Build Orders
End
Royal Engineer Section
Construct Section Command Post
Selects Canadian Shock Battlegroup
Infantry Section
Infantry Section
Vickers Machine Gun Team
Selects Attacking Spirit
Selects Canadian Shock Section
Infantry Section
Grenade Package
Construct Platoon Command Post
Selects Incendiary Munitions
Humber Armored Car
Construct Field Infirmary
Selects Pyrotechnics
Infantry Training
Construct Company Command Post
Crusader II Medium Tank
6-pounder Anti-tank Gun Team
Crusader II Medium Tank
Selects Churchill Crocodile Heavy Tank
Churchill Crocodile Heavy Tank
Crusader II Medium Tank
Selects Point Assault
Crusader II Medium Tank
Point Assault
Crusader II Medium Tank
Crusader II Medium Tank
6-pounder Anti-tank Gun Team
Crusader II Medium Tank
Bootyquake
szakerqqq1
0
0
Comments
sign in to comment!
No comments posted yet!